 Dungeon Crawl Stone Soup version 0.30.1-4-g462c640d31 (webtiles) character file.

Game seed: 12878194479457414367

7677 Gabide the Destroyer (level 10, -4/77 HPs)
             Began as a Demigod Conjurer on Sept 7, 2023.
             Asphyxiated
             ... on level 9 of the Dungeon.
             The game lasted 00:15:21 (12395 turns).

Gabide the Destroyer (Demigod Conjurer)            Turns: 12395, Time: 00:15:23

Health: -4/77      AC:  8    Str:  8    XL:     10   Next: 67%
Magic:  9/28       EV: 13    Int: 32    God:
Gold:   286        SH:  0    Dex: 18    Spells: 14/28 levels left

rFire   + . .        i - +8 spear of Integrity {flame, rF+ Dex+4 SInv}
rCold   + . .        (no shield)
rNeg    . . .        C - +0 steam dragon scales
rPois   .            b - +2 helmet
rElec   .            p - scarf "Jopo" {repulsion, +Inv rC+ Dex+2 Stlth+}
rCorr   .            (no gloves)
SInv    +            (no boots)
Will    +....        (no amulet)
Stlth   +++          f - ring of flight
HPRegen 0.32/turn    (no ring)
MPRegen 0.21/turn

%: repel missiles
@: lethally poisoned (-4 -> -47), flying, slowed, very slow
A: high MP 1, forlorn, divine attributes
a: Evoke Invisibility


You were on level 9 of the Dungeon.
You visited 2 branches of the dungeon, and saw 10 of its levels.
You also visited: Sewer.

You collected 546 gold pieces.
You spent 260 gold pieces at shops.

Inventory:

Hand Weapons
 i - the +8 spear of Integrity (weapon) {flame, rF+ Dex+4 SInv}
   (You found it on level 2 of the Dungeon)

   Dex:       It affects your dexterity (+4).
   rF:        It protects you from fire.
   SInv:      It lets you see invisible.
Missiles
 y - 2 throwing nets
Armour
 b - a +2 helmet (worn)
 j - a +0 cloak
 p - the scarf "Jopo" (worn) {repulsion, +Inv rC+ Dex+2 Stlth+}
   (You acquired it on level 5 of the Dungeon)

   Dex:       It affects your dexterity (+2).
   rC:        It protects you from cold.
   +Inv:      It lets you turn invisible.
   Stlth:     It makes you more stealthy.
 C - +0 steam dragon scales (worn)
Magical Staves
 a - a staff of air
Jewellery
 f - a ring of flight (left hand)
Wands
 c - a wand of mindburst (6)
 l - a wand of polymorph (2)
 s - a wand of quicksilver (14)
 z - a wand of digging (3)
 B - a wand of paralysis (8)
Scrolls
 e - 3 scrolls of poison
 k - 6 scrolls of teleportation
 q - 3 scrolls of fog
 u - a scroll of amnesia
 v - a scroll of immolation
 x - 3 scrolls of vulnerability
Potions
 d - 2 potions of heal wounds
 g - 5 potions of brilliance
 h - a potion of cancellation
 m - 3 potions of curing
 n - 6 potions of flight
 o - 2 potions of mutation
 r - a potion of lignification
 t - a potion of attraction
 w - 2 potions of invisibility {unknown}
 A - 4 potions of might {unknown}
 D - a potion of berserk rage
 E - a potion of ambrosia {unknown}


   Skills:
 - Level 3.0 Fighting
 - Level 3.0 Dodging
 - Level 3.0 Stealth
 * Level 9.9 Spellcasting
 * Level 11.1 Conjurations


You had 14 spell levels left.
You knew the following spells:

 Your Spells              Type           Power      Damage    Failure   Level
a - Magic Dart            Conj           100%       1d8       1%          1
b - Searing Ray           Conj           100%       2d8       1%          2
c - Stone Arrow           Conj/Erth      100%       3d13      1%          3
d - Fulminant Prism       Conj/Hex       25%        3d14      3%          4
e - Iskenderun's Mystic   Conj/Tloc      51%        2d11      3%          4

Your spell library contained the following spells:

 Spells                   Type           Power      Damage    Failure   Level
 Dazzling Flash           Conj/Hex       100%       N/A       1%          3
 Mephitic Cloud           Conj/Pois/Air  39%        N/A       1%          3
 Sandblast                Erth           30%        2d9       3%          1
 Call Imp                 Summ           30%        N/A       4%          2
 Cigotuvi's Dreadful Rot  Necr/Pois/Air  30%        N/A       4%          2
 Passwall                 Tmut/Erth      12%        N/A       4%          2
 Ignite Poison            Fire/Tmut/Pois 15%        N/A       10%         3
 Inner Flame              Hex/Fire       15%        N/A       10%         3
 Volatile Blastmotes      Fire/Tloc      30%        2d12      10%         3
 Freezing Cloud           Conj/Ice/Air   19%        6-21      19%         5
 Starburst                Conj/Fire      25%        6d8       43%         6
 Summon Forest            Summ/Tloc      7%         N/A       65%         5
 Yara's Violent Unravell  Hex/Tmut       7%         3d5       65%         5
 Eringya's Noxious Bog    Tmut/Pois      7%         N/A       99%         6
 Enfeeble                 Hex            7%         N/A       100%        7
 Summon Hydra             Summ           7%         N/A       100%        7


Dungeon Overview and Level Annotations

Branches:
Dungeon (9/15)             Temple (1/1) D:7            Lair (0/5) D:8
  Sewer (visited)
    Orc: D:9-12

Shops:
D:5 !

Annotations:
D:9 Amaemon


Innate Abilities, Weirdness & Mutations

You have an increased reservoir of magic. (+10% MP)
You shall have no god before yourself.
Your divine heritage dramatically boosts your attributes as you level up.


Message History

The stone arrow hits Amaemon!
Amaemon is severely wounded.
You feel very sick. The orange demon completely misses you.
Amaemon hits you with a -2 demon whip of venom.
You are more poisoned.
Amaemon misses you.
Amaemon tail-slaps you but does no damage.
The howler monkey hits you. x2
Amaemon hits you with a -2 demon whip of venom!
You are lethally poisoned!
Amaemon misses you.
Amaemon tail-slaps you but does no damage.
The orange demon misses you.
You feel better. The howler monkey hits you.
The howler monkey closely misses you. The orange demon misses you.
Amaemon hits you with a -2 demon whip of venom.
You are poisoned.
Amaemon barely misses you. Amaemon tail-slaps you.
The howler monkey barely misses you.
The howler monkey hits you but does no damage.
Aiming: Stone Arrow (safe; 1% risk of failure)
Press: ? - help, Q - select action, (/) - cycle Shift-Dir - straight line, f/p - howler monkey
Aim: a howler monkey (75% to hit)
The stone arrow hits the howler monkey!!
You kill the howler monkey!
You feel very sick.
The howler monkey hoots and howls with incredible vigour!
Amaemon hits you with a -2 demon whip of venom!
* * * LOW HITPOINT WARNING * * *
You are lethally poisoned!
Amaemon claws you.
* * * LOW HITPOINT WARNING * * *
Amaemon closely misses you.
The orange demon stings you but does no damage.
The orange demon stings you from afar!
* * * LOW HITPOINT WARNING * * *
You are more poisoned.
You have difficulty breathing.
You die...

#......'..############
##.[#..#≈.....######....
##...#.#≈......####.....
#...####≈≈......##......
##.## ##≈≈.....##.....≈
### ##≈≈....##....≈≈
##≈≈...##...≈≈#
##≈≈......≈≈#
##≈≈≈@h≈≈≈# ####6†####
#.4# ##.# .. ###


You could see Amaemon, an orange demon (curare) and a howler monkey (catching
breath).

Vanquished Creatures
  A centaur warrior (D:8)
  2 two-headed ogres (D:8)
  Psyche (D:8)
  A hornet (D:8)
  Sigmund (D:6)
  5 slime creatures
  A wraith (D:7)
  A yak (D:7)
  A shadow (D:7)
  2 wyverns
  2 steam dragons (D:8)
  4 black bears
  An ice beast (D:7)
  A sky beast (D:8)
  2 orc warriors (D:8)
  2 centaurs (D:8)
  A phantom (D:5)
  4 bullfrogs
  4 gnoll sergeants
  4 wights
  16 killer bees
  5 howler monkeys
  2 orc priests
  A hound (D:5)
  Crazy Yiuf (D:4)
  3 jellies
  Ijyb (D:3)
  An iguana (D:7)
  2 sleepcaps (D:8)
  Natasha (thrice) (D:2)
  6 orc wizards
  A sickly merfolk siren (Sewer)
  A malarious merfolk avatar (Sewer)
  Robin (D:2)
  6 gnolls
  15 adders
  A river rat (Sewer)
  2 shadow imps
  An ufetubus (D:6)
  A worm (D:2)
  12 orcs
  4 bats
  7 endoplasms
  A giant cockroach (D:2)
  15 goblins
  12 hobgoblins
  6 jackals
  5 quokkas
  9 ball pythons
  4 frilled lizards (Sewer)
  8 kobolds
  27 rats
221 creatures vanquished.

Notes
Turn   | Place    | Note
-------+----------+-------------------------------------------
     0 | D:1      | Gabide the Demigod Conjurer began the quest for the Orb.
     0 | D:1      | Reached XP level 1. HP: 14/14 MP: 5/5
   960 | D:1      | Reached XP level 2. HP: 20/20 MP: 4/7
  1296 | D:2      | Noticed Robin
  1581 | D:2      | Killed Robin
  1582 | D:2      | Reached skill level 4 in Conjurations
  1582 | D:2      | Reached XP level 3. HP: 6/27 MP: 7/9
  1740 | D:2      | Noticed Natasha
  1878 | D:2      | Killed Natasha
  1879 | D:2      | Reached skill level 1 in Fighting
  2019 | D:2      | Identified the +8 spear of Integrity {flame, rF+ Dex+4
                  | SInv}
  2203 | D:2      | Reached XP level 4. HP: 35/35 MP: 6/10
  2337 | D:2      | Noticed Natasha
  2347 | D:2      | Killed Natasha
  2586 | D:2      | Noticed Natasha
  2590 | D:2      | Killed Natasha
  2882 | D:3      | Reached XP level 5. HP: 40/40 MP: 10/12
  3056 | D:3      | Found a glowing drain.
  3071 | Sewer    | Entered a sewer
  3507 | Sewer    | Learned a level 2 spell: Searing Ray
  4011 | D:3      | Noticed Ijyb
  4025 | D:3      | Killed Ijyb
  4026 | D:3      | Reached XP level 6. HP: 33/48 MP: 3/14
  4117 | D:3      | Learned a level 3 spell: Stone Arrow
  4889 | D:4      | Reached skill level 5 in Conjurations
  5354 | D:4      | Found a runed translucent door.
  5355 | D:4      | Noticed Crazy Yiuf
  5696 | D:4      | Killed Crazy Yiuf
  5784 | D:5      | Entered Level 5 of the Dungeon
  6010 | D:5      | Reached XP level 7. HP: 55/55 MP: 10/16
  6227 | D:5      | Identified a scroll of acquirement
  6227 | D:5      | Acquired the scarf "Jopo" {repulsion, +Inv rC+ Dex+2
                  | Stlth+}
  6444 | D:5      | Found Udyhoilo's Distillery.
  6453 | D:5      | Reached skill level 6 in Conjurations
  6506 | D:5      | Bought a potion of lignification for 39 gold pieces
  6506 | D:5      | Bought a potion of curing for 39 gold pieces
  6506 | D:5      | Bought a potion of degeneration for 13 gold pieces
  6506 | D:5      | Bought a potion of heal wounds for 65 gold pieces
  6506 | D:5      | Bought a potion of heal wounds for 65 gold pieces
  6506 | D:5      | Bought a potion of attraction for 39 gold pieces
  7309 | D:6      | Reached skill level 5 in Spellcasting
  7907 | D:6      | Noticed Sigmund
  7916 | D:6      | Killed Sigmund
  7917 | D:6      | Reached XP level 8. HP: 51/61 MP: 1/19
  8237 | D:7      | Reached skill level 7 in Conjurations
  8711 | D:7      | Reached skill level 8 in Conjurations
  8780 | D:7      | Found a staircase to the Ecumenical Temple.
  8804 | Temple   | Entered the Ecumenical Temple
  8986 | D:7      | Reached XP level 9. HP: 67/67 MP: 16/23
  9285 | D:7      | Reached skill level 9 in Conjurations
  9781 | D:7      | Learned a level 4 spell: Fulminant Prism
  9786 | D:7      | Learned a level 4 spell: Iskenderun's Mystic Blast
  9920 | D:8      | Paralysed by a hornet for 2 turns
  9929 | D:8      | Paralysed by a hornet for 1 turns
 10444 | D:8      | Noticed a centaur warrior
 10454 | D:8      | Killed a centaur warrior
 10588 | D:8      | Reached XP level 10. HP: 67/77 MP: 19/26
 10755 | D:8      | Reached skill level 10 in Conjurations
 11011 | D:8      | Found a staircase to the Lair.
 11011 | D:8      | Noticed Psyche
 11015 | D:8      | Killed Psyche
 11134 | D:8      | Noticed a +0 spear
 11135 | D:8      | Noticed a +0 falchion
 11135 | D:8      | Noticed a +0 spear
 11135 | D:8      | Noticed a +0 falchion
 11135 | D:8      | Noticed a +0 short sword
 11136 | D:8      | Noticed a two-headed ogre
 11142 | D:8      | Killed a two-headed ogre
 11351 | D:8      | Noticed a two-headed ogre
 11357 | D:8      | Killed a two-headed ogre
 11433 | D:8      | Noticed a +0 dagger
 11434 | D:8      | Noticed a +0 short sword
 11434 | D:8      | Noticed a +0 dagger
 11929 | D:8      | Noticed an angel
 12134 | D:9      | Reached skill level 11 in Conjurations
 12387 | D:9      | Noticed Amaemon
 12395 | D:9      | HP: 3/77 [orange demon[Amaemon] (9)]
 12395 | D:9      | Asphyxiated

Illustrated notes

Levels and vault maps discovered:
D:1:      erik_arrival_cave_to_civilisation [erik_arrival_cave_to_hall],
          layout_basic, serial_co_window_serial, co_window_paths_a,
          co_window_paths_a, co_window_paths_a, co_window_paths_a,
          co_window_paths_a, co_window_paths_a, co_window_paths_a,
          co_window_cross_2, co_window_2corner, co_window_unsneaky_path_e,
          co_window_of_opportunity_b, co_window_corner_b, glass_columns_c,
          glass_columns_b, chequers_serial_rivers_micro_b
D:2:      layout_basic, basic_altar, uniq_natasha, uniq_robin
D:3:      layout_basic, portal_sewer_entry_d, uniq_ijyb
D:4:      layout_loops_ring, mainiacjoe_overflow_alcove_2,
          uniq_crazy_yiuf_cottage
D:5:      layout_cave_pools, mainiacjoe_overflow_surrounded_room, serial_shops,
          nicolae_shop_trees
D:6:      layout_basic, amcnicky_mini_rare_corridor_liquid, uniq_sigmund
D:7:      layout_cave_pods, minmay_temple_entry_slanted, kb_rosetta
D:8:      layout_basic, grunt_temple_overflow_holy_war,
          nicolae_wu_jian_immortal_techniques, nicolae_uskayaw_en_pointe,
          lair_entry_dummy, nzn_random_ring, uniq_psyche
D:9:      layout_cross, lemuel_round_altar, nicolae_kikubaaqudgha_miasma_corner,
          kennysheep_cross_room, uniq_amaemon
Temple:   nicolae_temple_god_jail

Skill      XL: |  1  2  3  4  5  6  7  8  9 10 |
---------------+-------------------------------+-----
Spellcasting   | 2 3 4 5 7 8 9 |  9.9
Stealth        | 2 3 |  3.0
Dodging        | 2 3 |  3.0
Conjurations   | 4 5 6 8 9 11 | 11.1
Fighting       | 1 2 3 |  3.0

Action                     |  1- 3 |  4- 6 |  7- 9 | 10-12 || total
---------------------------+-------+-------+-------+-------++-------
  Melee: Spear             |       |     8 |    43 |     3 ||    54
   Cast: Magic Dart        |    80 |   185 |    42 |       ||   307
         Searing Ray       |       |     6 |     4 |       ||    10
         Stone Arrow       |       |       |    99 |    60 ||   159
         Iskenderun's Myst |       |       |     2 |       ||     2
  Evoke: Wand              |       |     1 |       |       ||     1
    Use: Potion            |     1 |     1 |     4 |     1 ||     7
         Scroll            |       |     9 |     6 |     1 ||    16
 Armour: Robe              |     2 |    12 |    25 |       ||    39
         Skin              |     1 |     2 |     9 |       ||    12
         Steam dragon scal |       |       |       |     8 ||     8
  Dodge: Dodged            |    27 |    31 |    70 |    23 ||   151
         Repelled          |       |       |     1 |       ||     1
